 Dungeon Crawl Stone Soup version 0.27.0-1-g7a089689b8 (webtiles) character file.

Game seed: 11205703043218955295

1616 Smaepdii the Spear-Bearer (level 8, -13/51 HPs)
             Began as a Merfolk Ice Elementalist on Aug 5, 2021.
             Was an Elder of Ru.
             Killed from afar by a manticore (15 damage)
             ... with a volley of spikes
             ... on level 6 of the Dungeon on Aug 6, 2021.
             The game lasted 00:47:19 (8542 turns).

Smaepdii the Spear-Bearer (MfIE)                    Turns: 8542, Time: 00:47:20

Health: -13/51     AC:  5    Str:  8    XL:     8   Next: 96%
Magic:  5/11       EV: 13    Int: 17    God:    Ru [****..]
Gold:   447        SH:  0    Dex: 14    Spells: 4/11 levels left

rFire    x . .     SeeInvis .   a - +1 spear (drain)
rCold    x . .     Faith    .   (no shield)
rNeg     + . .     Spirit   .   f - +2 robe {rN+}
rPois    .         Reflect  .   (no helmet)
rElec    .         Harm     .   o - +0 cloak
rCorr    .         Rampage  .   (no gloves)
Will     .....                  (no boots)
Stlth    ++........             b - amulet of magic regeneration
HPRegen  0.17/turn              (no ring)
MPRegen  0.37/turn              (no ring)

@: exhausted, about to teleport, spiked
A: frail 1, temperature sensitive, (nimble swimmer 2), mertail
a: Renounce Religion, Draw Out Power, Power Leap


You were on level 6 of the Dungeon.
You worshipped Ru.
Ru was greatly pleased with you.
You visited 1 branch of the dungeon, and saw 6 of its levels.

You collected 447 gold pieces.

Inventory:

Hand Weapons
 a - a +1 spear of draining (weapon)
Missiles
 k - a throwing net
Armour
 f - a +2 robe of positive energy (worn)
 o - a +0 cloak (worn)
Jewellery
 b - an amulet of magic regeneration (around neck)
 n - an amulet of regeneration
 q - an amulet of guardian spirit
Wands
 s - a wand of acid (7)
Scrolls
 c - a scroll of noise
 i - 3 scrolls of brand weapon
 j - a scroll of teleportation
 t - a scroll of fear {unknown}
 u - a scroll of immolation {unknown}
Potions
 d - a potion of mutation
 g - a potion of might
 h - a potion of lignification {unknown}
 l - a potion of brilliance
 m - a potion of magic {unknown}
 p - 3 potions of ambrosia {unknown}
 r - a potion of flight {unknown}


   Skills:
 + Level 2.5 Fighting
 - Level 12.0 Polearms
 + Level 4.5 Dodging
 - Level 2.4 Stealth
 - Level 2.1 Spellcasting
 * Level 7.3 Ice Magic


You had 4 spell levels left.
You knew the following spells:

 Your Spells              Type           Power      Damage    Failure   Level
a - Freeze                Ice            100%       1d11      1%          1
b - Frozen Ramparts       Ice            52%        1d7       2%          3
c - Ozocubu's Armour      Ice            26%        N/A       2%          3

Your spell library contained the following spells:

 Spells                   Type           Power      Damage    Failure   Level
 Animate Skeleton         Necr           2%         N/A       19%         1
 Magic Dart               Conj           4%         1d3       19%         1
 Pain                     Necr           4%         1d4       19%         1
 Blink                    Tloc           N/A        N/A       28%         2
 Call Imp                 Summ           1%         N/A       28%         2
 Sublimation of Blood     Necr           0%         N/A       28%         2
 Hailstorm                Conj/Ice       14%        3d5       38%         4
 Mephitic Cloud           Conj/Pois/Air  1%         N/A       50%         3
 Tukima's Dance           Hex            1%         N/A       50%         3
 Vampiric Draining        Necr           0%         2d6       50%         3
 Passage of Golubria      Tloc           N/A        N/A       88%         4
 Petrify                  Tmut/Erth      1%         N/A       88%         4
 Irradiate                Conj/Tmut      0%         3d13      99%         5
 Manifold Assault         Tloc           1%         N/A       99%         5
 Yara's Violent Unravell  Hex/Tmut       0%         3d3       99%         5
 Storm Form               Tmut/Air       0%         N/A       100%        7


Dungeon Overview and Level Annotations

Branches:
Dungeon (6/15)
 Temple: D:4-7

Altars:
Fedhas
Kikubaaqudgha
Makhleb
Ru


Innate Abilities, Weirdness & Mutations

You are frail. (-10% HP)
You are sensitive to extremes of temperature. (rF-, rC-)
((You are quick and stealthy near water. (Stealth+, EV+, Speed+++)))
Your lower body shifts to a powerful aquatic tail in water.


Message History

A manticore comes into view.
You close the door.
You hear the brisk rusting of a drain nearby.
You open the door.
There is an open door here.
Press: ? - help, v - describe, . - travel The floor.
Casting: Ozocubu's Armour (dangerous; 2% risk of failure)
Confirm with . or Enter, or press ? or * to list all spells.
Casting: Frozen Ramparts (dangerous; 2% risk of failure)
Press: ? - help, Dir - look around, f - activate The walls around you are covered in ice.
The wall freezes the manticore.
The manticore flicks its tail.
The volley of spikes hits you!!
The barbed spikes become lodged in your body.
Okay, then.
The barbs in your skin will harm you if you move.
Continue?
Your frozen ramparts will break if you move.
Continue?
The frozen ramparts melt away as you move.
The barbed spikes dig painfully into your body as you move.
The manticore flicks its tail.
The volley of spikes hits you!
The barbed spikes become lodged in your body.
* * * LOW HITPOINT WARNING * * *
Aiming: Power Leap
Press: ? - help, Dir - move target The barbed spikes dig painfully into your body as you move.
* * * LOW HITPOINT WARNING * * *
The barbed spikes dig painfully into your body as you move.
* * * LOW HITPOINT WARNING * * *
As you read the scroll labelled MYNKOOH KILA, it crumbles to dust.
It is a scroll of enchant weapon.
Your +0 spear of draining glows red for a moment.
As you read the scroll labelled LESKICK LEYXT, it crumbles to dust.
You feel strangely unstable.
It was a scroll of teleportation.
The manticore flicks its tail.
The volley of spikes hits you!
The barbed spikes become lodged in your body.
You die...

#.# #.# #.#
######.##### #####
...........###...#
######.###.....#.#
##...######...#
#.....# ##.##
##...## #..@###
##.## #.....# #.#
#...#.# #.# #####H#
##'## #.# ##...##
#.# ##.....## #.#
##.......## #H#
##.........####....#


You could see a manticore.

Vanquished Creatures
  Menkaure (D:5)
  A water moccasin (D:6)
  Duvessa (D:5)
  A black bear (D:5)
  A hornet zombie (D:5)
  5 ogres
  A centaur (D:6)
  A scorpion (D:4)
  Dowan (D:5)
  2 water moccasin skeletons (D:5)
  A howler monkey (D:6)
  A bullfrog zombie (D:5)
  A jelly (D:5)
  2 hounds
  A centaur skeleton (D:4)
  An iguana (D:4)
  A hound zombie (D:3)
  4 adders
  4 gnolls (D:5)
  2 adder skeletons (D:4)
  An adder zombie (D:5)
  2 worms (D:2)
  6 dart slugs
  An orc (D:3)
  5 ball pythons
  5 endoplasms
  A giant cockroach (D:1)
  7 goblins
  7 hobgoblins
  6 jackals
  6 kobolds
  4 quokkas
  3 bats (D:1)
  3 frilled lizards
  6 rats
96 creatures vanquished.

Notes
Turn   | Place    | Note
-------+----------+-------------------------------------------
     0 | D:1      | Smaepdii the Merfolk Ice Elementalist began the quest for
                  | the Orb.
     0 | D:1      | Reached XP level 1. HP: 13/13 MP: 3/3
   107 | D:1      | Found a faded altar of an unknown god.
   113 | D:1      | Became a worshipper of Ru the Awakened
   141 | D:1      | Gained mutation: You are frail. (-10% HP) [Ru sacrifice]
   141 | D:1      | Reached * piety under Ru
   141 | D:1      | Reached ** piety under Ru
   185 | D:1      | Reached XP level 2. HP: 17/17 MP: 1/5
   702 | D:1      | Reached skill level 5 in Ice Magic
   874 | D:1      | Reached XP level 3. HP: 21/21 MP: 6/6
   881 | D:1      | Learned a level 3 spell: Frozen Ramparts
  3232 | D:3      | Reached XP level 4. HP: 21/27 MP: 2/7
  3302 | D:3      | Learned a level 3 spell: Ozocubu's Armour
  3819 | D:3      | Reached skill level 1 in Polearms
  3952 | D:3      | Gained mutation: You are sensitive to extremes of
                  | temperature. (rF-, rC-) [Ru sacrifice]
  3952 | D:3      | Reached *** piety under Ru
  3952 | D:3      | Reached **** piety under Ru
  4003 | D:3      | Reached skill level 2 in Polearms
  4770 | D:4      | Reached XP level 5. HP: 29/31 MP: 8/8
  4820 | D:4      | Reached skill level 4 in Polearms
  4864 | D:4      | Noticed an ogre
  4869 | D:4      | Killed an ogre
  4870 | D:4      | Reached skill level 6 in Polearms
  4870 | D:4      | Reached XP level 6. HP: 35/36 MP: 0/9
  5304 | D:4      | Reached skill level 7 in Polearms
  5748 | D:4      | Found a blossoming altar of Fedhas.
  5791 | D:4      | Found an ancient bone altar of Kikubaaqudgha.
  5800 | D:4      | Found a burning altar of Makhleb.
  5843 | D:5      | Entered Level 5 of the Dungeon
  6164 | D:5      | Noticed Menkaure
  6179 | D:5      | Killed Menkaure
  6180 | D:5      | Reached skill level 8 in Polearms
  6180 | D:5      | Reached XP level 7. HP: 14/41 MP: 5/10
  6227 | D:5      | Reached skill level 9 in Polearms
  6334 | D:5      | Reached skill level 10 in Polearms
  6456 | D:5      | Noticed Duvessa
  6456 | D:5      | Noticed Dowan
  6472 | D:5      | Killed Duvessa
  6483 | D:5      | Killed Dowan
  6484 | D:5      | Reached XP level 8. HP: 27/45 MP: 4/11
  6763 | D:5      | Reached skill level 11 in Polearms
  7236 | D:5      | Reached skill level 12 in Polearms
  7377 | D:5      | Found a transporter.
  7395 | D:5      | Found a transporter.
  7735 | D:5      | Reached skill level 1 in Fighting
  8498 | D:6      | Noticed a manticore
  8538 | D:6      | HP: 1/51 [barbs]
  8542 | D:6      | Killed from afar by a manticore

Illustrated notes

Levels and vault maps discovered:
D:1:      erik_arrival_orb_chamber, layout_basic, basic_ecumenical_altar,
          item_on_display_b
D:2:      layout_basic, serial_co_window_serial, co_window_of_opportunity_a,
          co_window_paths_a, co_window_corner_a, co_window_paths_a,
          co_window_corner_a, co_window_2corner, co_window_of_opportunity_b,
          co_window_cross_3, co_window_broadway_a, co_window_of_opportunity_b,
          co_window_broadway_c, co_window_sun, co_window_paths_e,
          glass_columns_a, glass_columns_c, glass_columns_a, glass_columns_c
D:3:      layout_loops_corners, glass_columns_a, kennysheep_generic_room_13
D:4:      layout_loops_ring, gammafunk_temple_overflow_forgotten, serial_rivers,
          chequers_serial_rivers_small_a, chequers_serial_rivers_small_3,
          chequers_serial_rivers_room_a, chequers_serial_rivers_micro_e,
          chequers_serial_rivers_micro_d
D:5:      gammafunk_wand_slinger, layout_basic, uniq_menkaure, uniq_duvessa
D:6:      layout_loops_corners, minmay_temple_entry_butterflies,
          gup_sewer_entry_bubbles, uniq_edmund, uniq_maggie

Skill      XL: |  1  2  3  4  5  6  7  8 |
---------------+-------------------------+-----
Dodging        | 3 4 |  4.5
Ice Magic      | 5 6 7 |  7.3
Polearms       | 2 6 8 10 12 | 12.0
Fighting       | 2 |  2.5
Stealth        | |  2.4
Spellcasting   | |  2.1

Action                   |  1- 3 |  4- 6 |  7- 9 || total
-------------------------+-------+-------+-------++-------
Melee: Short sword       |    53 |       |       ||    53
       Spear             |    42 |   102 |   152 ||   296
 Cast: Freeze            |    30 |    29 |    39 ||    98
       Frozen Ramparts   |     6 |    14 |    15 ||    35
       Ozocubu's Armour  |       |     4 |    12 ||    16
Invok: Sacrifice Health  |     1 |       |       ||     1
       Draw Out Power    |       |     2 |     2 ||     4
       Sacrifice Resista |       |     1 |       ||     1
       Power Leap        |       |       |     1 ||     1
  Use: Scroll            |       |     6 |     2 ||     8
       Potion            |       |     1 |       ||     1
 Stab: Sleeping          |     9 |     3 |     3 ||    15
       Distracted        |       |     1 |     1 ||     2
       Invisible         |       |       |     3 ||     3
Armor: Robe              |    17 |    14 |    25 ||    56
Dodge: Dodged            |    63 |    63 |    55 ||   181
